AoeStats
← I'm AOE2 Noob

Arena

507961875Analyzed
4v4 RM · 11d ago on Sep 20, 2026· 36m 25s· 8 players
Game mode
Random Map
Map size
Large (8 player)
Population
200
Speed
Normal
Resources
Standard
Victory
Conquest
Starting age
Dark Age
Ending age
Imperial Age
RankedLock teamsTeams togetherTeam positionsShared explorationLock speedFull tech treeHidden civsTurbo modeCheats
Victory
Defeat
1763
+12
🇩🇪 Burgundians · Germany
1632
+18
🇵🇱 Spanish · Poland
1590
+19
🇩🇪 Teutons · Germany
1509
+23
🇨🇳 Vietnamese · China
1782
-22
🇨🇳 Bohemians · China
1659
-18
🇨🇳 Teutons · China
1611
-16
🇨🇳 Jurchens · China
1609
-16
🦌 Jolly Jumper
3:20 Double-Bit Axe
7:26 Horse Collar
10:54 Feudal Age
14:33 Castle Age
12:58 Bow Saw
13:14 Heavy Plow
13:23 Gold Mining
19:29 Wheelbarrow
21:38 Hand Cart
24:42 Gold Shaft Mining
27:49 Imperial Age
25:28 Scale Barding Armor
25:39 Stone Mining
26:53 Chain Barding Armor
26:55 Forging
27:35 Stone Shaft Mining
26:38 Cavalier
27:28 Husbandry
26:54 Pikeman
29:10 Plate Barding Armor
27:59 Paladin
29:22 Guilds
30:23 Iron Casting
30:56 Chemistry
30:41 Squires
31:05 Conscription
30:51 Burgundian Vineyards
31:27 Crop Rotation
32:33 Blast Furnace
31:19 Light Cavalry
32:19 Halberdier
33:00 Scale Mail Armor
32:25 Halberdier
35:01 Chain Mail Armor
36:25 Ballistics
ForeveR
10:23 Feudal Age
14:28 Castle Age
12:23 Horse Collar
12:35 Double-Bit Axe
12:55 Horse Collar
15:23 Heavy Plow
19:42 Bow Saw
20:54 Loom
21:06 Gold Mining
21:07 Stone Mining
22:49 Wheelbarrow
29:39 Imperial Age
28:06 Ballistics
27:39 Fletching
28:23 Bodkin Arrow
28:47 Hand Cart
28:18 Town Watch
29:18 Stone Shaft Mining
28:18 Pikeman
29:06 Padded Archer Armor
29:37 Squires
29:22 Arson
29:32 Light Cavalry
30:23 Bloodlines
30:14 Husbandry
31:35 Chemistry
30:31 Murder Holes
30:46 Masonry
30:38 Bracer
30:53 Leather Archer Armor
31:22 Conscription
30:54 Halberdier
32:24 Scale Barding Armor
32:52 Ring Archer Armor
32:23 Scale Mail Armor
32:33 Forging
33:48 Coinage
35:11 Banking
35:12 Chain Mail Armor
34:54 Elite Conquistador
35:56 Supremacy
35:37 Inquisition
36:14 Hoardings
36:15 Iron Casting
36:51 Architecture
37:18 Plate Mail Armor
gamelnderGamler
11:09 Feudal Age
14:54 Castle Age
12:49 Double-Bit Axe
12:58 Horse Collar
15:45 Bow Saw
18:53 Man-at-Arms
19:55 Long Swordsman
21:18 Scale Mail Armor
25:07 Chain Mail Armor
27:07 Wheelbarrow
26:57 Forging
29:36 Hand Cart
30:06 Heavy Plow
29:31 Pikeman
30:12 Squires
34:27 Imperial Age
32:57 Iron Casting
33:32 Gold Mining
34:35 Halberdier
35:52 Plate Mail Armor
34:46 Capped Ram
35:47 Stone Mining
36:59 Two-Man Saw
CTM | Lelouch Jogo Bonito
8:49 Feudal Age
8:37 Loom
12:24 Castle Age
11:06 Double-Bit Axe
13:48 Town Watch
16:08 Fervor
17:38 Sanctity
18:43 Redemption
22:20 Atonement
22:56 Wheelbarrow
26:28 Devotion
28:29 Fletching
28:40 Fletching
31:26 Imperial Age
28:55 Horse Collar
31:12 Bodkin Arrow
32:37 Bracer
33:03 Hand Cart
33:32 Conscription
35:08 Ballistics
35:48 Chemistry
36:31 Heavy Plow
37:11 Block Printing
Izumi Yuki
10:01 Feudal Age
13:46 Castle Age
11:57 Double-Bit Axe
13:20 Horse Collar
18:03 Fervor
18:13 Sanctity
17:45 Loom
21:39 Atonement
26:12 Devotion
27:21 Wheelbarrow
31:28 Imperial Age
31:22 Town Watch
33:38 Fletching
慕华花繁
4:50 Loom
10:45 Feudal Age
11:31 Double-Bit Axe
14:28 Castle Age
12:20 Horse Collar
15:52 Bow Saw
15:42 Heavy Plow
21:55 Loom
30:41 Fortified Wall
33:04 Fortified Wall
33:33 Gold Mining
33:33 Stone Mining
34:41 Wheelbarrow
33:51 Town Watch
34:10 Stone Mining
34:59 Hand Cart
34:42 Treadmill Crane
35:23 Ballistics
38:14 Imperial Age
37:25 Stone Shaft Mining
36:45 Fletching
36:55 Padded Archer Armor
36:21 Elite Skirmisher
37:06 Thumb Ring
爱炸房的鳄鱼
10:26 Feudal Age
14:04 Castle Age
12:27 Double-Bit Axe
15:01 Loom
16:13 Wheelbarrow
18:46 Horse Collar
23:56 Heavy Plow
24:42 Hand Cart
24:40 Bloodlines
25:12 Forging
26:11 Gold Mining
26:37 Bow Saw
28:29 Iron Casting
30:09 Padded Archer Armor
32:46 Imperial Age
30:40 Masonry
31:22 Leather Archer Armor
30:58 Fletching
30:48 Elite Skirmisher
31:55 Ballistics
32:18 Stone Mining
33:06 Coinage
33:00 Bodkin Arrow
33:54 Conscription
34:30 Ring Archer Armor
33:58 Imperial Skirmisher
34:05 Pikeman
34:45 Squires
37:16 Chemistry
I'm AOE2 Noob
10:32 Feudal Age
12:05 Double-Bit Axe
14:35 Castle Age
12:27 Horse Collar
15:04 Wheelbarrow
15:40 Bow Saw
23:17 Gold Mining
28:34 Imperial Age
27:13 Stone Mining
28:04 Gold Shaft Mining
27:20 Stone Mining
29:01 Bloodlines
29:02 Scale Barding Armor
29:25 Town Watch
29:27 Elite Steppe Lancer
30:31 Chain Barding Armor
30:41 Husbandry
30:43 Scale Mail Armor
30:54 Forging
31:01 Forging
32:00 Plate Barding Armor
32:17 Iron Casting
32:33 Fletching
32:44 Padded Archer Armor
33:48 Chemistry
33:39 Stone Shaft Mining
33:07 Heavy Cavalry Archer
34:57 Blast Furnace
33:53 Bodkin Arrow
34:37 Ballistics
34:28 Masonry
33:59 Treadmill Crane
34:40 Bracer
34:56 Leather Archer Armor
35:17 Guard Tower
35:13 Light Cavalry
Connection lost

Rejoining the realm…

Still unreachable

The connection could not be restored.

Session expired

The server has moved on; the page needs a fresh start.